 Dungeon Crawl Stone Soup version 0.16.2-12-gd0ad4c3 (webtiles) character file.

2 Goblin1989 the Magician (level 1, 0/9 HPs)
             Began as a Spriggan Wizard on Mar 15, 2017.
             Slain by a kobold
             ... wielding a +0 short sword
              (1 damage)
             ... on level 2 of the Dungeon.
             The game lasted 00:01:10 (68 turns).

Goblin1989 the Magician (Spriggan Wizard)             Turns: 68, Time: 00:01:10

Health: 0/9        AC:  2    Str:  3    XL:     1   Next: 33%
Magic:  1/6        EV: 18    Int: 19    God:
Gold:   0          SH:  0    Dex: 14    Spells: 1 memorised, 7 levels left

rFire  . . .     SeeInvis +     d - +0 dagger (pain)
rCold  . . .     Clarity  .     a - +0 robe
rNeg   . . .     SustAb   .     (shield restricted)
rPois  .         Gourm    .     b - +0 hat
rElec  .         Spirit   .     (no cloak)
rCorr  .         Warding  .     (gloves unavailable)
rMut   .         Stasis   .     (boots unavailable)
MR     .....                    (no amulet)
Stlth  ++........               (no ring)
                                (no ring)

@: very quick, not resistant to hostile enchantments, unstealthy
A: unfitting armour, see invisible, herbivore 3, speed 3, slow metabolism 2
a: no special abilities


You were on level 2 of the Dungeon.
You were not hungry.

You visited 1 branch of the dungeon, and saw 2 of its levels.

Inventory:

Hand weapons
 d - a +0 dagger of pain (weapon)
Armour
 a - a +0 robe (worn)
 b - a +0 hat (worn)
Books
 c - a book of Minor Magic

   Spells                             Type                      Level
   a - Magic Dart                     Conjuration                  1
   b - Blink                          Translocation                2
   c - Call Imp                       Summoning                    2
   d - Repel Missiles                 Charms/Air                   2
   e - Slow                           Hexes                        2
   f - Conjure Flame                  Conjuration/Fire             3
   g - Mephitic Cloud                 Conjuration/Poison/Air       3
Comestibles
 e - a bread ration {@e1}


   Skills:
 - Level 3.0 Dodging
 - Level 3.0 Stealth
 + Level 4.1 Spellcasting
 * Level 0.7 Conjurations
   Level 0.7 Summonings
   Level 1.5 Translocations


You had 7 spell levels left.
You knew the following spells:

 Your Spells              Type           Power        Failure   Level  Hunger
a - Magic Dart            Conj           #...         12%         1    None


Dungeon Overview and Level Annotations

Branches:
Dungeon (2/15)

Altars:


Innate Abilities, Weirdness & Mutations

You are tiny and cannot use many weapons and most armour.
You have supernaturally acute eyesight.
You are a herbivore.
You cover ground extremely quickly.
You need consume almost no food.


Message History

The jackal is moderately wounded.
The jackal completely misses you.
You now have 0/6 mp.
You see here a glowing dagger.
d - a glowing dagger A rat comes into view.
A giant cockroach comes into view.
Casting: Magic Dart
Confirm with . or Enter, or press ? or * to list all spells.
Aiming: Magic Dart
Press: ? - help, Shift-Dir - straight line, f/p - jackal
Aim: a jackal (lightly wounded)
The magic dart hits the jackal.
The jackal is severely wounded.
The jackal completely misses you.
You now have 0/6 mp.
A bat comes into view.
The bat barely misses you. The bat misses you.
Casting: Magic Dart
Confirm with . or Enter, or press ? or * to list all spells.
Aiming: Magic Dart
Press: ? - help, Shift-Dir - straight line, f/p - jackal
Aim: a jackal (severely wounded)
The magic dart hits the bat.
The bat is severely wounded.
The bat barely misses you. The bat closely misses you.
You now have 0/6 mp.
Wield which item (- for none, * to show all)? (? for menu, Esc to quit)
You have a feeling of ineptitude.
d - a +0 dagger of pain (weapon)
The bat completely misses you.
You closely miss the bat.
The bat is severely wounded.
The bat barely misses you. The bat misses you.
You barely miss the bat.
The bat is moderately wounded.
The bat barely misses you. The bat hits you but does no damage.
You closely miss the bat.
The bat is moderately wounded.
The bat closely misses you. The bat misses you.
You closely miss the jackal. The bat misses you. The jackal barely misses you.
The bat completely misses you. The jackal misses you. The jackal bites you.
You take 2 damage, and have 6/9 hp.
MASSIVE DAMAGE!!
The bat barely misses you. The bat closely misses you.
The bat closely misses you.
A bat comes into view.
The jackal stops to sniff the ground.
The bat closely misses you. The bat closely misses you. The bat misses you.
The bat closely misses you. The bat hits you.
You take 1 damage, and have 5/9 hp.
The bat hits you but does no damage. The bat closely misses you.
Casting: Magic Dart
Confirm with . or Enter, or press ? or * to list all spells.
Aiming: Magic Dart
Press: ? - help, Shift-Dir - straight line, f - bat
Aim: a bat The magic dart hits the bat.
You kill the bat!
The bat closely misses you.
You now have 0/6 mp.
You hit the bat but do no damage. The bat barely misses you.
The bat closely misses you.
You hit the bat but do no damage. The bat barely misses you. The bat hits you.
* * * LOW HITPOINT WARNING * * *
You take 1 damage, and have 4/9 hp.
You hit the bat.
You kill the bat!
You barely miss the jackal. The jackal barely misses you.
You hit the jackal.
The jackal is moderately wounded.
The jackal bites you.
* * * LOW HITPOINT WARNING * * *
The jackal misses you.
You take 2 damage, and have 3/9 hp.
MASSIVE DAMAGE!!
Casting: Magic Dart
Confirm with . or Enter, or press ? or * to list all spells.
Okay, then.
You hit the jackal.
The jackal is heavily wounded.
The jackal bites you but does no damage.
You hit the jackal.
The jackal is severely wounded.
The jackal bites you.
* * * LOW HITPOINT WARNING * * *
The jackal misses you.
You take 2 damage, and have 1/9 hp.
MASSIVE DAMAGE!!
A hobgoblin comes into view.
The hobgoblin shouts!
There is a shaft here.
You fall through a shaft!
The shaft crumbles and collapses.
A kobold comes into view. It is wielding a short sword.
You hit the kobold but do no damage. The kobold hits you with a short sword.
You die... ████▲███

████▲█......█
............█
.............█
........@....█
.......K.....█
.....██████...█
.... ..█ ..█ █


You could see a kobold.

Vanquished Creatures
  A jackal (D:1)
  2 bats (D:1)
3 creatures vanquished.

Notes
Turn   | Place    | Note
--------------------------------------------------------------
     0 | D:1      | Goblin1989, the Spriggan Wizard, began the quest for the Orb.
     0 | D:1      | Reached XP level 1. HP: 9/9 MP: 6/6
    67 | D:1      | You fall through a shaft!
    68 | D:2      | Slain by a kobold

Action                   || total
-------------------------++-------
Melee: Dagger            ||    12
 Cast: Magic Dart        ||     9

Vault maps used:
D:1:      dpeg_arrival_connections, corexii_corridor_pit
D:2:      makhleb_altar_promises_db, uniq_crazy_yiuf_cottage
